 Dungeon Crawl Stone Soup version 0.22.1-1-ga44c0e56f4 (webtiles) character file.

196 Reeggar the Slasher (level 5, -1/37 HPs)
             Began as an Octopode Chaos Knight on Oct 23, 2018.
             Slain by a gnoll (4 damage)
             ... on level 2 of the Dungeon.
             The game lasted 00:07:16 (1916 turns).

Reeggar the Slasher (Octopode Chaos Knight)         Turns: 1916, Time: 00:07:17

Health: -1/37      AC:  1    Str: 13      XL:     5   Next: 74%
Magic:  5/5        EV: 13    Int: 14      God:    Xom [..*...]
Gold:   86         SH:  0    Dex:  8 (11) Spells: 4/4 levels left

rFire    . . .     SeeInvis .   a - +0 falchion (chaos)
rCold    . . .     Gourm    .   (no shield)
rNeg     . . .     Faith    .   (helmet restricted)
rPois    .         Spirit   .   d - amulet of rage
rElec    .         Reflect  .   (no ring)
rCorr    .         Harm     .   (no ring)
MR       .....                  (no ring)
Stlth    +++.......             (no ring)
HPRegen  0.12/turn              (no ring)
MPRegen  0.09/turn              (no ring)
                                (no ring)
                                (no ring)

@: starving
A: almost no armour, stealthy swim, amphibious, 8 rings, constrict 8, camouflage
1, gelatinous body 1
a: Renounce Religion, Evoke Berserk Rage


You were on level 2 of the Dungeon.
You worshipped Xom.
You were a toy of Xom.
You were starving.

You visited 1 branch of the dungeon, and saw 2 of its levels.

You collected 86 gold pieces.

Inventory:

Hand Weapons
 a - a +0 falchion of chaos (weapon)
Jewellery
 d - an amulet of rage (around mantle)
 h - an uncursed amulet of magic regeneration {unknown}
Scrolls
 e - a scroll of identify
 f - a scroll of teleportation {unknown}
Potions
 c - 3 potions of agility {unknown}
Comestibles
 b - 7 rations
 g - a chunk of flesh


   Skills:
 + Level 3.7 Fighting
 + Level 4.4 Long Blades
 + Level 3.0 Dodging
 * Level 4.2 Stealth


You had 4 spell levels left.
You didn't know any spells.
Your spell library was empty.

Dungeon Overview and Level Annotations

Branches:
Dungeon (2/15)

Altars:
Okawaru


Innate Abilities, Weirdness & Mutations

You cannot wear most types of armour.
You are very stealthy in the water. (Stealth+)
You are amphibious.
You can wear up to eight rings at the same time.
You can use your tentacles to constrict eight enemies at once.
Your skin changes colour to match your surroundings (Stealth+).
Your rubbery body absorbs attacks. (AC +1, EV +1)


Message History

The worm is moderately wounded.
You constrict the worm. The worm barely misses you.
You slash the worm!
The worm flickers and vanishes!
Deactivating autopickup; reactivate with Ctrl-A.
You constrict something.
The gnoll throws a stone.
Something bites you!
* * * LOW HITPOINT WARNING * * *
The gnoll throws a stone.
You hit something.
Reactivating autopickup.
Your Dodging skill increases to level 3!
You feel a bit more experienced.
You closely miss the gnoll. You grab the gnoll.
You constrict the gnoll, but do no damage.
The gnoll hits you!
* * * LOW HITPOINT WARNING * * *
You hit the gnoll.
The gnoll glows shimmering white for a moment.
The gnoll is lightly wounded.
You constrict the gnoll. The gnoll hits you.
You die...

####.##.#.≈(≈#
#.#####≈.≈.
#....#.≈.≈##
#######≈.≈. ######
#.≈o≈## #.....
#KKg.# #..... #o#
#...). #g# #.....
#@# #..... #.#
#.....
#.###########.....
#.................
####..............
#.............#
#.............#
###############


You could see 2 gnolls, 2 orcs and 2 kobolds.

Vanquished Creatures
  An ice beast (D:2)
  A quasit (D:2)
  An adder (D:2)
  An ooze (D:1)
  2 worms (D:2)
  2 dart slugs
  3 leopard geckos
  6 bats
  2 giant cockroaches
  6 goblins (D:1)
  11 hobgoblins
  A jackal (D:1)
  2 frilled lizards (D:1)
  5 kobolds
  4 rats
48 creatures vanquished.

Notes
Turn   | Place    | Note
-------+----------+-------------------------------------------
     0 | D:1      | Reeggar the Octopode Chaos Knight began the quest for the
                  | Orb.
     0 | D:1      | Reached XP level 1. HP: 16/16 MP: 1/1
   113 | D:1      | Reached XP level 2. HP: 14/21 MP: 2/2
   149 | D:1      | Reached skill level 1 in Stealth
   340 | D:1      | Reached XP level 3. HP: 16/26 MP: 3/3
   568 | D:1      | XOM: silly message
   631 | D:1      | XOM: divination: magic mapping
   818 | D:1      | XOM: harmless Ice miscast
   827 | D:1      | XOM: butterfly on damage
  1121 | D:1      | XOM: harmless Pois miscast
  1510 | D:2      | XOM: harmless Fire miscast
  1627 | D:2      | XOM: divination: magic mapping
  1711 | D:2      | Noticed an ice beast
  1726 | D:2      | Killed an ice beast
  1726 | D:2      | Reached XP level 4. HP: 32/32 MP: 4/4
  1726 | D:2      | Reached XP level 5. HP: 36/36 MP: 5/5
  1892 | D:2      | Found an iron altar of Okawaru.
  1916 | D:2      | Slain by a gnoll

Skill      XL: |  1  2  3  4  5 |
---------------+----------------+-----
Stealth        | 1 3 4 |  4.2
Long Blades    | 4 |  4.4
Dodging        | 3 |  3.0
Fighting       | |  3.7

Action                   |  1- 3 |  4- 6 || total
-------------------------+-------+-------++-------
Melee: Falchion          |    76 |    30 ||   106
       Constrict         |    21 |     6 ||    27
       Tentacles         |     8 |     3 ||    11
  Use: Scroll            |     1 |       ||     1
 Stab: Sleeping          |     2 |     2 ||     4
       Confused          |     1 |       ||     1
       Paralysed         |     3 |       ||     3
  Eat: Chunk             |     1 |       ||     1
Armor: Skin              |    12 |     2 ||    14
Dodge: Dodged            |    52 |    29 ||    81
       Rpst.: Falchion   |    12 |     6 ||    18
